General information
- name: BNet
- type: Ladder team game (AT/RT)
- host: Battle.net
- saver: WarriorsDance
map: FullScaleAssault
- players: 8
- length: 30:48
- speed: Fast
- version: 1.26 W3XP
- replay type: Public
» download(220 KB)
Players
team 1 (winner)

»
kenseiw (
red | 70 APM | 2141 actions | 30:48)
7 Demon Hunter
3 Mana Burn
3 Evasion
1 Metamorphosis
6 Keeper of the Grove
2 Entangling Roots
3 Thorns Aura
1 Tranquility
6 Priestess of the Moon
3 Trueshot Aura
2 Scout
1 Starfall
» actions
| Assign group hotkey | 29 | |
| Basic commands | 196 | |
| Build / train | 94 | |
| Enter build submenu | 23 | |
| Enter hero's abilities submenu | 18 | |
| Give item / drop item | 10 | |
| Right click | 763 | |
| Select / deselect | 400 | |
| Select group hotkey | 529 | |
| Use ability | 79 | |
2141 total
» units
| Wisp | 20 | |
| Archer | 6 | |
| Goblin Shredder | 2 | |
| Hippogryph | 14 | |
| Chimaera | 4 | |
| Faerie Dragon | 2 | |
| Blue Dragon | 1 | |
49 total
» upgrades
| Ultravision | 1 | |
| Strength of the Wild | 3 | |
| Reinforced Hides | 3 | |
| Nature's Blessing | 1 | |
| Corrosive Breath | 1 | |
| Well Spring | 1 | |
10 total
» buildings
| Altar of Elders | 1 | |
| Moon Well | 8 | |
| Ancient of War | 1 | |
| Tree of Life | 2 | |
| Tree of Ages | 1 | |
| Hunter's Hall | 1 | |
| Ancient of Wonders | 1 | |
| Tree of Eternity | 1 | |
| Ancient of Wind | 2 | |
| Chimaera Roost | 3 | |
| Ancient Protector | 2 | |
23 total
» build order
00:13 Altar of Elders
00:22 Moon Well
00:49 Ancient of War
01:33 Moon Well
02:31 Moon Well
04:19 Tree of Life
04:27 Tree of Ages
05:24 Hunter's Hall
05:29 Ancient of Wonders
07:01 Tree of Eternity
07:06 Moon Well
07:26 Ancient of Wind
07:27 Ancient of Wind
08:39 Moon Well
09:34 Chimaera Roost
09:38 Chimaera Roost
09:40 Chimaera Roost
10:06 Moon Well
10:08 Moon Well
17:52 Tree of Life
17:57 Ancient Protector
17:59 Ancient Protector
26:41 Moon Well
» items
| Healing Salve | 1 | |
| Periapt of Vitality | 5 | |
| Circlet of Nobility | 3 | |
| Orb of Venom | 1 | |
| Scroll of Town Portal | 1 | |
11 total

»
spinosaurus (
purple | 62 APM | 1896 actions | 30:48)
4 Death Knight
2 Unholy Aura
2 Death Coil
4 Dreadlord
2 Sleep
2 Vampiric Aura
» actions
| Assign group hotkey | 32 | |
| Basic commands | 281 | |
| Build / train | 71 | |
| ESC pressed | 3 | |
| Enter build submenu | 28 | |
| Enter hero's abilities submenu | 8 | |
| Give item / drop item | 1 | |
| Remove unit from queue | 3 | |
| Right click | 477 | |
| Select / deselect | 292 | |
| Select group hotkey | 641 | |
| Use ability | 59 | |
1896 total
» units
| Acolyte | 12 | |
| Ghoul | 4 | |
| Crypt Fiend | 10 | |
| Necromancer | 11 | |
| Meatwagon | 6 | |
43 total
» upgrades
| Web | 1 | |
| Exhume Corpses | 2 | |
| Necromancer Training | 1 | |
| Skeletal Longevity | 1 | |
| Creature Carapace | 1 | |
| Creature Attack | 2 | |
| Unholy Strength | 1 | |
9 total
» buildings
| Crypt | 1 | |
| Altar of Darkness | 1 | |
| Ziggurat | 13 | |
| Graveyard | 1 | |
| Nerubian Tower | 1 | |
| Halls of the Dead | 1 | |
| Tomb of Relics | 1 | |
| Temple of the Damned | 1 | |
| Slaughterhouse | 2 | |
| Sacrificial Pit | 1 | |
| Spirit Tower | 1 | |
24 total
» build order
00:09 Crypt
00:11 Altar of Darkness
00:26 Ziggurat
01:02 Ziggurat
01:47 Graveyard
02:05 Nerubian Tower
03:00 Ziggurat
03:51 Halls of the Dead
04:49 Tomb of Relics
05:29 Ziggurat
06:19 Temple of the Damned
06:24 Slaughterhouse
06:31 Sacrificial Pit
08:13 Ziggurat
09:30 Ziggurat
12:49 Ziggurat
12:52 Ziggurat
12:56 Ziggurat
13:01 Ziggurat
13:07 Slaughterhouse
13:56 Spirit Tower
24:02 Ziggurat
25:52 Ziggurat
25:55 Ziggurat
» items
| Rod of Necromancy | 1 | |
| Sacrificial Skull | 1 | |
| Scroll of Town Portal | 1 | |
3 total

»
Openn (
yellow | 58 APM | 1777 actions | 30:48)
7 Archmage
3 Summon Water Elemental
2 Brilliance Aura
1 Blizzard
1 Mass Teleport
5 Paladin
1 Divine Shield
3 Holy Light
1 Devotion Aura
» actions
| Assign group hotkey | 21 | |
| Basic commands | 239 | |
| Build / train | 98 | |
| ESC pressed | 3 | |
| Enter build submenu | 34 | |
| Enter hero's abilities submenu | 13 | |
| Give item / drop item | 5 | |
| Remove unit from queue | 1 | |
| Right click | 395 | |
| Select / deselect | 496 | |
| Select group hotkey | 371 | |
| Use ability | 101 | |
1777 total
» units
| Peasant | 21 | |
| Rifleman | 12 | |
| Mortar Team | 3 | |
| Siege Engine | 6 | |
| Flying Machine | 1 | |
| Goblin Zeppelin | 1 | |
44 total
» upgrades
| Armor | 4 | |
| Gunpowder | 4 | |
| Masonry | 2 | |
| Lumber Harvesting | 1 | |
| Long Rifles | 1 | |
| Barrage | 1 | |
| Plating | 2 | |
15 total
» buildings
| Altar of Kings | 1 | |
| Farm | 11 | |
| Blacksmith | 1 | |
| Barracks | 1 | |
| Lumber Mill | 1 | |
| Arcane Vault | 1 | |
| Town Hall | 3 | |
| Scout Tower | 9 | |
| Keep | 1 | |
| Guard Tower | 9 | |
| Workshop | 2 | |
| Castle | 1 | |
41 total
» build order
00:29 Altar of Kings
00:41 Farm
01:20 Farm
01:31 Blacksmith
01:43 Barracks
02:02 Farm
02:28 Lumber Mill
02:43 Farm
02:45 Arcane Vault
04:20 Town Hall
04:24 Scout Tower
04:50 Farm
05:27 Keep
05:50 Farm
05:54 Scout Tower
05:56 Scout Tower
05:57 Guard Tower
07:06 Farm
07:21 Guard Tower
08:45 Scout Tower
08:47 Scout Tower
08:48 Scout Tower
09:09 Guard Tower
09:14 Farm
09:16 Workshop
09:30 Guard Tower
10:51 Farm
12:14 Scout Tower
13:07 Guard Tower
13:09 Town Hall
13:20 Guard Tower
13:27 Castle
15:32 Farm
15:35 Guard Tower
17:16 Workshop
18:48 Farm
28:46 Scout Tower
29:43 Guard Tower
29:44 Scout Tower
30:18 Guard Tower
30:22 Town Hall
» items
| Periapt of Vitality | 2 | |
| Scroll of Town Portal | 3 | |
| Potion of Healing | 1 | |
| Ivory Tower | 4 | |
| Orb of Lightning | 1 | |
| Scroll of Regeneration | 1 | |
| Staff of Sanctuary | 1 | |
13 total
WarriorsDance (
teal | 74 APM | 2271 actions | 30:48)
7 Blademaster
3 Wind Walk
3 Critical Strike
1 Bladestorm
» actions
| Assign group hotkey | 293 | |
| Basic commands | 132 | |
| Build / train | 77 | |
| Enter build submenu | 44 | |
| Enter hero's abilities submenu | 7 | |
| Give item / drop item | 5 | |
| Right click | 1080 | |
| Select / deselect | 356 | |
| Select group hotkey | 157 | |
| Use ability | 120 | |
2271 total
» units
| Peon | 17 | |
| Grunt | 3 | |
| Goblin Zeppelin | 2 | |
| Goblin Shredder | 1 | |
| Wind Rider | 14 | |
37 total
» upgrades
| Ranged Weapons | 3 | |
| Armor | 3 | |
| Reinforced Defenses | 1 | |
| Envenomed Spears | 1 | |
| Pillage | 1 | |
| Spiked Barricades | 2 | |
11 total
» buildings
| Altar of Storms | 1 | |
| Barracks | 1 | |
| Orc Burrow | 5 | |
| Voodoo Lounge | 1 | |
| Stronghold | 3 | |
| War Mill | 2 | |
| Great Hall | 3 | |
| Beastiary | 4 | |
| Fortress | 1 | |
| Watch Tower | 44 | |
65 total
» build order
00:35 Altar of Storms
00:38 Barracks
00:42 Orc Burrow
01:36 Orc Burrow
01:55 Voodoo Lounge
03:17 Stronghold
04:24 War Mill
04:59 Great Hall
05:13 Orc Burrow
06:08 Beastiary
06:09 Beastiary
06:12 Orc Burrow
06:16 Orc Burrow
08:12 Great Hall
10:46 Fortress
12:47 Beastiary
12:48 Beastiary
12:52 Watch Tower
12:53 Watch Tower
12:53 Watch Tower
12:58 Watch Tower
15:17 Watch Tower
15:17 Watch Tower
15:18 Watch Tower
15:19 Watch Tower
15:21 Watch Tower
15:23 Watch Tower
15:23 Watch Tower
15:23 Watch Tower
17:05 Watch Tower
17:05 Watch Tower
17:08 Watch Tower
20:07 Great Hall
20:10 Watch Tower
20:11 Watch Tower
20:11 Watch Tower
20:11 Watch Tower
20:13 Watch Tower
20:13 Watch Tower
20:14 Watch Tower
20:15 Watch Tower
21:03 War Mill
24:27 Watch Tower
24:27 Watch Tower
24:28 Watch Tower
24:29 Watch Tower
24:29 Watch Tower
24:30 Watch Tower
24:30 Watch Tower
24:30 Watch Tower
24:31 Watch Tower
24:32 Watch Tower
24:33 Watch Tower
24:33 Watch Tower
24:34 Watch Tower
24:35 Watch Tower
24:36 Watch Tower
» items
| Healing Salve | 6 | |
| Boots of Speed | 1 | |
| Periapt of Vitality | 1 | |
| Staff of Teleportation | 1 | |
| Scroll of Town Portal | 3 | |
| Orb of Lightning | 1 | |
| Potion of Healing | 2 | |
| Potion of Mana | 1 | |
16 total
team 2 (loser)

»
NorthernXLights (
pink | 53 APM | 869 actions | 16:19)
3 Demon Hunter
2 Immolation
1 Evasion
2 Keeper of the Grove
1 Entangling Roots
1 Thorns Aura
» actions
| Basic commands | 24 | |
| Build / train | 43 | |
| Enter build submenu | 16 | |
| Enter hero's abilities submenu | 5 | |
| Right click | 527 | |
| Select / deselect | 212 | |
| Use ability | 42 | |
869 total
» units
| Wisp | 22 | |
| Hippogryph | 6 | |
| Chimaera | 3 | |
31 total
» upgrades
| Strength of the Wild | 2 | |
| Corrosive Breath | 1 | |
3 total
» buildings
| Altar of Elders | 1 | |
| Moon Well | 6 | |
| Tree of Ages | 1 | |
| Hunter's Hall | 1 | |
| Ancient Protector | 2 | |
| Ancient of Wind | 2 | |
| Tree of Eternity | 1 | |
| Chimaera Roost | 2 | |
| Tree of Life | 1 | |
17 total
» build order
00:06 Altar of Elders
00:10 Moon Well
01:30 Tree of Ages
02:00 Hunter's Hall
02:12 Moon Well
03:19 Ancient Protector
03:23 Ancient Protector
04:06 Ancient of Wind
05:14 Tree of Eternity
05:43 Ancient of Wind
06:14 Moon Well
07:42 Chimaera Roost
07:50 Chimaera Roost
08:17 Moon Well
09:05 Moon Well
11:29 Moon Well
12:45 Tree of Life

»
Canadians (
green | 25 APM | 559 actions | 22:01)
5 Priestess of the Moon
3 Searing Arrows
2 Trueshot Aura
» actions
| Build / train | 86 | |
| Enter build submenu | 18 | |
| Enter hero's abilities submenu | 5 | |
| Remove unit from queue | 3 | |
| Right click | 216 | |
| Select / deselect | 200 | |
| Use ability | 31 | |
559 total
» units
| Wisp | 23 | |
| Archer | 6 | |
| Huntress | 5 | |
| Dryad | 17 | |
| Mountain Giant | 5 | |
| Druid of the Claw | 4 | |
| Hippogryph | 3 | |
| Chimaera | 2 | |
65 total
» upgrades
| Strength of the Wild | 2 | |
| Reinforced Hides | 1 | |
| Abolish Magic | 1 | |
| Well Spring | 1 | |
| Druid of the Claw Training | 2 | |
| Ultravision | 1 | |
| Hardened Skin | 1 | |
| Resistant Skin | 1 | |
| Mark of the Claw | 1 | |
11 total
» buildings
| Altar of Elders | 1 | |
| Moon Well | 8 | |
| Ancient of War | 1 | |
| Tree of Ages | 1 | |
| Hunter's Hall | 1 | |
| Ancient of Lore | 2 | |
| Tree of Life | 2 | |
| Tree of Eternity | 1 | |
| Ancient of Wonders | 1 | |
| Ancient of Wind | 1 | |
19 total
» build order
00:04 Altar of Elders
00:07 Moon Well
00:47 Ancient of War
01:32 Moon Well
02:29 Tree of Ages
03:14 Hunter's Hall
03:50 Moon Well
04:29 Moon Well
04:58 Ancient of Lore
05:37 Ancient of Lore
07:41 Moon Well
08:44 Moon Well
09:27 Tree of Life
10:34 Moon Well
10:39 Tree of Eternity
11:59 Moon Well
13:19 Ancient of Wonders
17:14 Ancient of Wind
18:05 Tree of Life
Prince_Joffrey (
blue | 36 APM | 967 actions | 26:53)
6 Blademaster
2 Wind Walk
3 Critical Strike
1 Bladestorm
» actions
| Assign group hotkey | 18 | |
| Basic commands | 23 | |
| Build / train | 87 | |
| Enter build submenu | 19 | |
| Enter hero's abilities submenu | 6 | |
| Give item / drop item | 1 | |
| Right click | 388 | |
| Select / deselect | 363 | |
| Select group hotkey | 11 | |
| Use ability | 51 | |
967 total
» units
| Peon | 10 | |
| Grunt | 11 | |
| Troll Headhunter/Berserker | 20 | |
| Shaman | 12 | |
| Troll Witch Doctor | 11 | |
64 total
» upgrades
| Ranged Weapons | 3 | |
| Armor | 2 | |
| Shaman Training | 2 | |
| Berserker Upgrade | 1 | |
| Witch Doctor Training | 2 | |
| Reinforced Defenses | 1 | |
| Nature's Blessing | 1 | |
12 total
» buildings
| Altar of Storms | 1 | |
| Orc Burrow | 5 | |
| Barracks | 2 | |
| War Mill | 1 | |
| Voodoo Lounge | 1 | |
| Watch Tower | 4 | |
| Stronghold | 1 | |
| Fortress | 1 | |
| Spirit Lodge | 2 | |
| Great Hall | 2 | |
20 total
» build order
00:09 Altar of Storms
01:05 Orc Burrow
01:19 Barracks
01:27 Orc Burrow
01:54 War Mill
02:25 Voodoo Lounge
03:02 Orc Burrow
03:44 Watch Tower
04:19 Watch Tower
04:23 Stronghold
04:40 Barracks
05:28 Orc Burrow
07:04 Fortress
07:08 Spirit Lodge
07:14 Spirit Lodge
08:23 Orc Burrow
10:08 Great Hall
12:43 Great Hall
15:42 Watch Tower
15:46 Watch Tower
» items
| Healing Salve | 1 | |
| Orb of Lightning | 1 | |
2 total
Yahoo.Answers (
orange | 76 APM | 2353 actions | 30:47)
7 Blood Mage
3 Flame Strike
3 Siphon Mana
1 Summon Phoenix
1 Demon Hunter
1 Mana Burn
» actions
| Assign group hotkey | 42 | |
| Basic commands | 46 | |
| Build / train | 139 | |
| ESC pressed | 4 | |
| Enter build submenu | 81 | |
| Enter hero's abilities submenu | 8 | |
| Give item / drop item | 1 | |
| Remove unit from queue | 12 | |
| Right click | 981 | |
| Select / deselect | 591 | |
| Select group hotkey | 298 | |
| Use ability | 150 | |
2353 total
» units
| Peasant | 23 | |
| Footman | 7 | |
| Dragonhawk Rider | 12 | |
| Gryphon Rider | 11 | |
| Goblin Zeppelin | 1 | |
| Dryad | 1 | |
| Wisp | 13 | |
68 total
» upgrades
| Masonry | 3 | |
| Swords | 3 | |
| Lumber Harvesting | 1 | |
| Armor | 3 | |
| Animal War Training | 1 | |
| Storm Hammers | 1 | |
| Nature's Blessing | 1 | |
| Well Spring | 1 | |
14 total
» buildings
| Altar of Kings | 2 | |
| Farm | 6 | |
| Barracks | 1 | |
| Arcane Vault | 1 | |
| Lumber Mill | 1 | |
| Town Hall | 2 | |
| Scout Tower | 31 | |
| Keep | 1 | |
| Arcane Tower | 1 | |
| Guard Tower | 23 | |
| Blacksmith | 1 | |
| Castle | 1 | |
| Gryphon Aviary | 4 | |
| Ancient Protector | 27 | |
| Hunter's Hall | 1 | |
103 total
» build order
00:06 Altar of Kings
00:09 Altar of Kings
00:30 Farm
01:01 Barracks
01:37 Farm
01:58 Arcane Vault
02:11 Farm
02:30 Lumber Mill
03:13 Farm
04:23 Town Hall
04:28 Scout Tower
04:39 Keep
04:55 Arcane Tower
05:40 Farm
06:01 Scout Tower
06:38 Guard Tower
06:52 Blacksmith
07:33 Castle
07:35 Gryphon Aviary
07:38 Gryphon Aviary
13:21 Farm
14:52 Town Hall
14:55 Scout Tower
14:56 Scout Tower
15:12 Scout Tower
15:13 Scout Tower
15:15 Scout Tower
15:25 Scout Tower
16:00 Guard Tower
16:53 Guard Tower
17:05 Guard Tower
17:22 Scout Tower
17:26 Scout Tower
17:31 Scout Tower
17:53 Guard Tower
17:59 Guard Tower
18:20 Gryphon Aviary
18:26 Gryphon Aviary
18:33 Scout Tower
18:34 Scout Tower
18:36 Scout Tower
18:37 Scout Tower
19:21 Guard Tower
20:21 Guard Tower
20:24 Guard Tower
22:19 Ancient Protector
22:20 Ancient Protector
23:00 Ancient Protector
23:03 Ancient Protector
23:44 Scout Tower
23:46 Scout Tower
23:48 Scout Tower
24:03 Scout Tower
24:04 Scout Tower
24:04 Scout Tower
24:06 Scout Tower
24:08 Scout Tower
24:14 Guard Tower
24:15 Guard Tower
24:22 Guard Tower
24:43 Guard Tower
24:43 Guard Tower
24:55 Scout Tower
24:56 Scout Tower
25:13 Ancient Protector
25:16 Ancient Protector
25:27 Scout Tower
25:27 Guard Tower
25:28 Scout Tower
25:29 Guard Tower
25:36 Guard Tower
25:45 Scout Tower
25:48 Scout Tower
25:49 Scout Tower
25:52 Scout Tower
25:54 Guard Tower
25:57 Guard Tower
26:15 Guard Tower
26:20 Guard Tower
26:24 Guard Tower
26:25 Guard Tower
27:30 Hunter's Hall
29:02 Ancient Protector
29:05 Ancient Protector
29:07 Ancient Protector
29:10 Ancient Protector
29:11 Ancient Protector
29:14 Ancient Protector
29:16 Ancient Protector
29:20 Ancient Protector
29:25 Ancient Protector
29:28 Ancient Protector
29:31 Ancient Protector
29:36 Ancient Protector
29:39 Ancient Protector
29:46 Ancient Protector
29:48 Ancient Protector
29:50 Ancient Protector
29:56 Ancient Protector
30:01 Ancient Protector
30:04 Ancient Protector
30:21 Ancient Protector
30:25 Ancient Protector
» items
| Periapt of Vitality | 1 | |
| Lesser Clarity Potion | 2 | |
| Scroll of Town Portal | 2 | |
| Boots of Speed | 1 | |
| Staff of Teleportation | 1 | |
| Potion of Healing | 1 | |
| Scroll of Regeneration | 1 | |
| Potion of Mana | 1 | |
10 total
Chat log
(00:12 / All) WarriorsDance: Very sad, fighter isn't joining us this game
(00:17 / All) WarriorsDance: I'm gonna rice rush him
(00:21 / All) WarriorsDance: Next time I see him
(00:28 / All) WarriorsDance: If he's on my team
(00:42 / All) Yahoo.Answers: canadians up in hurr with the igloos eh
(01:17 / All) WarriorsDance: Why would you name yourself after one of hte more vile characters?
(01:32 / All) WarriorsDance: Blue that's directed at you
(01:36 / All) spinosaurus: why not, i named myself after a vite dinosaur
(01:42 / All) spinosaurus: vile
(02:41 / All) Prince_Joffrey: Bring me teals head on a pike.
(03:04 / All) WarriorsDance: Unlike in that series, in war3 the good guys win sometimes
(03:17 / Allies) spinosaurus: oj made fm
(03:24 / Allies) spinosaurus: green has archers
(04:16 / Allies) spinosaurus: i think pink teched
(04:20 / Allies) spinosaurus: so i dont think theyre rushing
(05:01 / All) Prince_Joffrey: Make it his tongue. Yes the tongue of teal.
(05:27 / Allies) WarriorsDance: red is the kind of teammate I hate to get
(05:37 / Allies) spinosaurus: why
(05:42 / Allies) WarriorsDance: shreder and inside expo
(05:56 / Allies) spinosaurus: whats an inside expo
(06:51 / Allies) WarriorsDance: fucks my macro and creeping so bad
(07:01 / Allies) spinosaurus: i dont get what youre saying
(07:13 / Allies) spinosaurus: how is that his fault
(07:17 / Allies) WarriorsDance: it isn't
(07:22 / Allies) spinosaurus: ah
(07:25 / Allies) WarriorsDance: I jsut say I hate to get teammates like him
(08:55 / Allies) spinosaurus: just fyi
(11:30 / Allies) Openn: wow
(13:32 / Allies) Openn: wood
(13:50 / All) Prince_Joffrey: fucker
(14:40 / All) WarriorsDance: Aw
(14:47 / All) WarriorsDance: you just had to upgarde that
(16:54 / Allies) spinosaurus: wtf
(17:35 / Allies) Openn: i need a hea;
(18:29 / Allies) spinosaurus: lets go
(18:34 / Allies) Openn: put shade there
(18:36 / Allies) Openn: i tp
(19:09 / Allies) Openn: move little over
(19:12 / Allies) Openn: dont want kill ur shade
(19:41 / Allies) spinosaurus: omw
(19:46 / Allies) spinosaurus: tell me if you are tp'ing
(19:54 / All) Openn: b
(19:55 / Allies) Openn: b
(20:00 / All) Yahoo.Answers: damn straight
(20:20 / Allies) spinosaurus: we need to hit together
(20:24 / Allies) Openn: ya
(20:50 / Allies) Openn: meet there
(20:51 / Allies) spinosaurus: meet
(20:55 / Allies) spinosaurus: all
(21:12 / Allies) spinosaurus: nm, red and teal hitting
(21:16 / Allies) spinosaurus: stay back yel
(21:41 / All) WarriorsDance: I haer thunder but there's no rain, this kind of thunder breaks walls and window panes
(21:59 / Allies) spinosaurus: ready
(22:03 / Allies) spinosaurus: tp
(22:16 / Allies) spinosaurus: or run...
(23:15 / All) Openn: shit
(23:28 / Allies) Openn: wood?
(23:34 / Allies) Openn: i wil tp in
(23:37 / Allies) spinosaurus: come to me
(25:06 / Allies) Openn: need heal just call
(26:24 / All) Prince_Joffrey: How dare you peons defie me
(27:24 / All) spinosaurus: damn str8
(29:07 / Allies) WarriorsDance: kill red
(29:09 / Allies) WarriorsDance: he is a backstabber
(29:16 / Allies) kenseiw: lol false
(29:17 / Allies) WarriorsDance: killed my hero
(29:19 / Allies) kenseiw: he killed my expo
(29:20 / Allies) spinosaurus: i dont care for him
(29:33 / Allies) Openn: ?
(29:58 / Allies) Openn: what happen?
(30:07 / Allies) spinosaurus: selfish player
(30:08 / Allies) kenseiw: basically warriorsdance is a fag
(30:08 / Allies) WarriorsDance: Decided to kill my hero
(30:16 / Allies) WarriorsDance: probably because I said I hate allies like that
(30:29 / Allies) kenseiw: nah he killed my expo for no reason
(30:35 / Allies) spinosaurus: you play selfish red
(30:39 / Allies) kenseiw: QQ
(30:45 / Allies) kenseiw: its wc3 big deal